Cogmind - Beta 17 @@@ ROGUE MODE // 2026.08.05 @ 00:58:55 Player: 4R-ZE3 Result: Destroyed by D-53 Grenadier with Mini Grenade Launcher Performance ------------- Evolutions (0) 0 Regions Visited (2) 400 Robots Destroyed (21) 105 Value Destroyed (400) 400 Prototype IDs (0) 0 Alien Tech Used (0) 0 Bonus (0) 0 TOTAL SCORE: 905 Bonus ------- None Cogmind --------- Core Integrity 0/250 Matter 230/300 Energy 100/100 System Corruption 0% Temperature Cool (0) Movement Treading (160) Location -10/Mines Parts ------- > --- POWER (1) -------- (None) > --- PROPULSION (2) --- Light Treads Light Treads > --- UTILITY (2) ------ Heat Sink Large Storage Unit > --- WEAPON (2) ------- Assault Rifle Assault Rifle > --- INVENTORY (15) --- Wheel Wheel Heat Sink Hacking Suite Assault Rifle Peak State ------------ > --- POWER ------------ Light Nuclear Core > --- PROPULSION ------- Light Treads Light Treads > --- UTILITY ---------- Heat Sink Large Storage Unit > --- WEAPON ----------- Assault Rifle Assault Rifle > --- INVENTORY -------- Light Treads Light Treads Wheel Wheel Heat Sink Assault Rifle Assault Rifle Assault Rifle Assault Rifle Grenade Launcher [Rating: 10] Favorites ----------- Power Light Nuclear Core Engine Light Ion Engine Power Core Light Nuclear Core Propulsion Light Treads Treads Light Treads Utility Large Storage Unit Device Heat Sink Storage Large Storage Unit Weapon Assault Rifle Ballistic Gun Assault Rifle Launcher Grenade Launcher Build | -11 -10 -10 ------- Run | Yrd Mat Min Slots Evolved . | . . . Power . | . . . Propulsion . | . . . Utility . | . . . Weapon . | . . . Parts Attached 20 | 6 8 6 Power 4 | 1 3 . Engine 3 | 1 2 . Core 1 | . 1 . Reactor . | . . . Propulsion 5 | 2 1 2 Treads 5 | 2 1 2 Leg . | . . . Wheel . | . . . Hover . | . . . Flight . | . . . Utility 4 | 1 3 . Device 2 | . 2 . Storage 2 | 1 1 . Processor . | . . . Hackware . | . . . Protection . | . . . Artifact . | . . . Weapon 7 | 2 1 4 Energy Gun . | . . . Energy Cannon . | . . . Ballistic Gun 6 | 2 1 3 Ballistic Cannon . | . . . Launcher 1 | . . 1 Special Weapon . | . . . Impact Weapon . | . . . Slashing Weapon . | . . . Piercing Weapon . | . . . Special Melee Weapon . | . . . Unidentified Prototypes . | . . . Parts Lost 11 | . 4 7 Power 3 | . 2 1 Propulsion 3 | . 1 2 Utility 1 | . 1 . Weapon 4 | . . 4 Highest Loss Streak 6 | . 2 6 To Critical Strikes . | . . . Average Backups 8 | 2 8 9 Power . | . . . Propulsion 3 | 1 2 3 Utility 1 | . . 2 Weapon 3 | . 3 3 Tool/Special . | . . . Unused Backups 9 | . 4 5 Power . | . . . Propulsion 2 | . . 2 Utility 2 | . . 2 Weapon 5 | . 4 1 Tool/Special . | . . . Average Slot Usage (%) 98 | . 97 99 Engine 4 | . 6 . Core 8 | . 6 13 Treads 27 | . 27 27 Device 13 | . 13 14 Storage 14 | . 14 14 Ballistic Gun 27 | . 28 27 Peak Build Rating 10 | 6 10 10 Average Rating 8 | 4 7 9 On Entrance 5 | . 6 10 Avg Prop Armor Cover (%) . | . . . Naked Turns . | . . . Heaviest Build 30 | 11 30 30 Greatest Support 40 | 40 40 40 Greatest Overweight (x) . | . . . Average Overweight (x) . | . . . Largest Inventory Capacity 15 | 8 15 15 Average Capacity 13 | 6 13 15 Most Carried 11 | 3 11 11 Average Carried 8 | 2 8 9 Final Capacity 15 | 8 15 15 Final Carried 11 | 3 11 5 Class Distribution -------------------- 100% | Mutant Dominant Class ---------------- Mutant | -10/Materials Mutant | -10/Mines Resources | -11 -10 -10 ----------- Run | Yrd Mat Min Matter Collected 628 | 149 352 127 Remotely . | . . . Salvage Created 502 | . 459 43 Parts 43 | . 39 4 Haulers Intercepted 2 | . 2 . Recyclers Shooed . | . . . Parts Field Recycled . | . . . Retrieved Matter . | . . . Parts Self-Destructed . | . . . Prevented . | . . . Parts Restored . | . . . Kills | -11 -10 -10 ------- Run | Yrd Mat Min Combat Hostiles Destroyed 18 | . 13 5 Guns 18 | . 13 5 Classes Destroyed 5 | . 4 1 Hauler 2 | . 2 . Operator 1 | . 1 . Swarmer 11 | . 7 4 Grunt 6 | . 6 . Demolisher 1 | . . 1 Best Kill Streak 3 | . 3 3 Combat Bots Only 3 | . 3 3 Max Kills in Single Turn 1 | . 1 1 Gunslinging . | . . . Exploded . | . . . Melee . | . . . Uniques/NPCs Destroyed . | . . . Combat | -11 -10 -10 -------- Run | Yrd Mat Min Hostile Shots Fired 132 | . 83 49 Missed 32 | . 18 14 Hits 100 | . 65 35 Projectile 100 | . 65 35 AOE 9 | . . 9 Critical Strikes 1 | . . 1 Damage Taken 1306 | . 692 614 Core 250 | . 131 119 Absorbed by Shields . | . . . Core Remaining (%) 100 | 100 . . Volleys Fired 59 | . 48 11 Largest 2 | . 2 2 Hottest 40 | . 40 40 Shots Fired 116 | . 95 21 Gun 115 | . 95 20 Cannon . | . . . Launcher 1 | . . 1 Special . | . . . Kinetic 115 | . 95 20 Thermal . | . . . Explosive 1 | . . 1 Electromagnetic . | . . . Robot Hit Streak 12 | . 12 3 Robot Miss Streak 2 | . 2 2 Penetration Max . | . . . Secondary Targets 5 | . 2 3 Max Gunslinging Chain 1 | . 1 1 Shots Hit Robots 77 | . 65 12 Core Hits 33 | . 27 6 Critical Kills . | . . . Critical Parts Destroyed . | . . . Critical Strikes . | . . . Melee Attacks . | . . . Impact . | . . . Slashing . | . . . Piercing . | . . . Sneak Attacks . | . . . Combat Hostiles . | . . . Follow-up Attacks . | . . . Damage Inflicted 1035 | . 824 211 Guns 991 | . 824 167 Cannons . | . . . Explosions 44 | . . 44 Melee . | . . . Ramming . | . . . Kinetic 991 | . 824 167 Thermal . | . . . Explosive 44 | . . 44 Electromagnetic . | . . . Impact . | . . . Slashing . | . . . Piercing . | . . . Highest Corruption . | . . . Average Corruption . | . . . Corruption Purged . | . . . Corruption Blocked . | . . . Overload Shots . | . . . Overflow Damage . | . . . Projectiles . | . . . Explosions . | . . . Melee . | . . . Knockbacks . | . . . Impact . | . . . Kinetic . | . . . Secondary . | . . . Self-Inflicted Damage 21 | . . 21 Shots 1 | . . 1 Rammed . | . . . Targets Rammed . | . . . Kicked . | . . . Crushed . | . . . Highest Temperature 17 | . 17 . Average Temperature 9 | . 9 . Received Heat Transfer 294 | . 294 . Siege Activations . | . . . Martial Activations . | . . . Shielding Activations . | . . . Robots Disrupted . | . . . Combat Hostiles . | . . . Robots Corrupted . | . . . Combat Hostiles . | . . . Parts Fried . | . . . Impact Corruptions . | . . . Robots Melted . | . . . Combat Hostiles . | . . . Parts Melted . | . . . Heat Transferred . | . . . Parts Sabotaged . | . . . Parts Stolen . | . . . Parts Stripped . | . . . Power Chain Reactions . | . . . Alert | -11 -10 -10 ------- Run | Yrd Mat Min Maximum Alert Level . | . . . Low Security (%) 100 | 100 100 100 Level 1 . | . . . Level 2 . | . . . Level 3 . | . . . Level 4 . | . . . Level 5 . | . . . High Security . | . . . Max Security . | . . . Peak Influence 102 | . 102 65 Initial 5 | . . 5 Average 24 | . 32 11 Influence Increases 476 | . 358 118 Destroy 0b10 Robot/C 360 | . 260 100 Destroy 0b10 Robot/NC 15 | . 15 . Destroy Leader 74 | . 64 10 Successful Hack 24 | . 19 5 Destroy Structure 3 | . . 3 Influence Decreases 454 | . 344 110 Entered New Map 9 | . . 9 Time Decay 382 | . 304 78 Lost Part 63 | . 40 23 Squads Dispatched 4 | . 4 . Investigation 1 | . 1 . Extermination . | . . . Reinforcement 3 | . 3 . Assault . | . . . Garrison . | . . . Intercept . | . . . Searches Triggered . | . . . Construction Impeded . | . . . Haulers Reinforced . | . . . Active Scanning Responses . | . . . Cargo Convoy Interrupts . | . . . Stealth | -11 -10 -10 --------- Run | Yrd Mat Min Distress Signals 1 | . 1 . Communications Jammed . | . . . Distress Signals . | . . . Times Spotted 29 | . 22 7 Peak Tracking Total 5 | . 5 5 Tactical Retreats . | . . . Traps | -11 -10 -10 ------- Run | Yrd Mat Min Traps Triggered 1 | . 1 . Indirectly . | . . . Trap Hack Attempts . | . . . Triggered . | . . . Disarmed . | . . . Reprogrammed . | . . . Reused . | . . . Traps Extracted . | . . . Installed . | . . . Triggered . | . . . Machines | -11 -10 -10 ---------- Run | Yrd Mat Min Machines Disabled . | . . . Max in Single Turn . | . . . Machines Repaired . | . . . Machines Dismantled . | . . . Machines Sabotaged . | . . . Overloaded Fab Kills . | . . . Hacking | -11 -10 -10 --------- Run | Yrd Mat Min Machines Accessed 6 | . 5 1 Terminals 5 | . 4 1 Fabricators . | . . . Repair Stations . | . . . Recycling Units 1 | . 1 . Scanalyzers . | . . . Garrison Access . | . . . Total Hacks 17 | . 16 1 Successful 7 | . 6 1 Failed 10 | . 10 . Catastrophic 1 | . 1 . Database Lockouts . | . . . Manual 14 | . 14 . Terminals 15 | . 14 1 Fabricators . | . . . Repair Stations . | . . . Recycling Units 2 | . 2 . Scanalyzers . | . . . Garrison Access . | . . . Terminal Hacks 4 | . 3 1 Robot Analysis 2 | . 2 . Zone Layout 2 | . 1 1 Fabricator Hacks . | . . . Repair Station Hacks . | . . . Recycling Unit Hacks . | . . . Scanalyzer . | . . . Garrison Access Hacks . | . . . Unauthorized Hacks 3 | . 3 . Terminals 3 | . 3 . Botnet 3 | . 3 . Fabricators . | . . . Repair Stations . | . . . Recycling Units . | . . . Scanalyzers . | . . . Garrison Access . | . . . Data Cores Recovered . | . . . Used . | . . . Hacking Detections 5 | . 5 . Full Trace Events 1 | . 1 . Feedback Events . | . . . Feedback Blocked . | . . . Robot Schematics Acquired . | . . . Robots Built . | . . . Authchips . | . . . Time . | . . . Total Robot Build Rating . | . . . Part Schematics Acquired . | . . . Parts Built . | . . . Authchips . | . . . Time . | . . . Total Part Build Rating . | . . . Part Studies Acquired . | . . . Parts Repaired . | . . . Time . | . . . Parts Recycled . | . . . Recycled Matter . | . . . Retrieved Matter . | . . . Retrieved Components . | . . . Parts Scanalyzed . | . . . Part Schematics Acquired . | . . . Parts Damaged . | . . . Bothacking | -11 -10 -10 ------------ Run | Yrd Mat Min Used RIF Installer . | . . . Robots Hacked . | . . . Non-combat . | . . . Combat . | . . . Robot Hacks Applied . | . . . Relay Couplers Released . | . . . Fabnet Peak Effective % . | . . . Robots Rewired . | . . . Allies Hacked . | . . . Hacks Repelled . | . . . Allies | -11 -10 -10 -------- Run | Yrd Mat Min Total Allies . | . . . Largest Group . | . . . Highest-Rated Group . | . . . Highest-Rated Ally . | . . . Total Orders . | . . . Ally Attacks . | . . . Total Damage . | . . . Kills . | . . . Allies Corrupted . | . . . Allies Melted . | . . . Intel | -11 -10 -10 ------- Run | Yrd Mat Min Active Infowar (turns) 326 | . 326 . Structural 326 | . 326 . Robot Analysis Total 2 | . 2 . Derelict Logs Recovered 1 | . . 1 Drone Launches . | . . . Drone Recoveries . | . . . Exploration | -11 -10 -10 ------------- Run | Yrd Mat Min Turns Passed 1439 | 67 930 442 Spaces Moved 759 | 41 474 244 Core 9 | 9 . . Treads 750 | 32 474 244 Legs . | . . . Wheels . | . . . Hover . | . . . Flight . | . . . Fastest Speed 50 | 50 160 160 Average Speed 158 | 135 160 160 Slowest Speed 160 | 160 160 160 Overloaded Moves . | . . . Propulsion Burnouts . | . . . Robots Hopped . | . . . Potential Cave-ins . | . . . Cave-ins Triggered . | . . . Exploration Rate (%) 45 | 4 86 45 Regions Visited 2 Branch Regions 1 Pre-discovered Areas . | . . . Known Exits Taken . | . . . Unknown Exits Taken 2 | 1 1 . Scrap Searched 1 | . . 1 Spaces Dug . | . . . Terrain Destroyed 3 | . . 3 Melee . | . . . Projectile . | . . . AOE 3 | . . 3 Terrain Rammed . | . . . Walls Destroyed . | . . . Machines Disabled . | . . . Actions | -11 -10 -10 --------- Run | Yrd Mat Min Total 883 | 49 558 276 Wait 23 | . 8 15 Move 757 | 40 473 244 Hop . | . . . Pick Up 17 | 3 14 . Fast Attach 10 | 6 4 . Attach 8 | . 2 6 Detach . | . . . Swap 2 | . 2 . Drop 7 | . 7 . Fire 59 | . 48 11 Melee . | . . . Ram . | . . . Kick . | . . . Crush . | . . . Escape Stasis . | . . . Rewire . | . . . Trap . | . . . Miscellaneous . | . . . Route ------- -11/Scrapyard -10/Materials (discovered 5 exits: [*Mat x3] / *Min x2) -10/Mines (discovered 1 exit: [*Mat]) History --------- Turn | Location | Event 9 | -11/Scrapyard | Discovered new exit (range 16) 68 | -11/Scrapyard | Entered Materials 137 | -10/Materials | Discovered new exit (range 13) 249 | -10/Materials | Discovered new exit (range 15) 301 | -10/Materials | Build established: Mutant 463 | -10/Materials | Discovered new exit (range 15) 819 | -10/Materials | Discovered new exit (range 16) 868 | -10/Materials | Core integrity fell below 50% 985 | -10/Materials | Discovered new exit (range 9) 998 | -10/Materials | Entered Mines 999 | -10/Mines | Assembled infested the area 1004 | -10/Mines | Assisted by a Guerilla fighting off Assembled 1173 | -10/Mines | Learned Materials terminal intel 1418 | -10/Mines | Discovered new exit (range 8) 1422 | -10/Mines | Core integrity fell below 20% 1440 | -10/Mines | Destroyed by D-53 Grenadier with Mini Grenade Launcher Last Messages --------------- 01422_ Assault Rifle destroyed. 01423_ The unstable cave ceiling collapses. 01423_ Grenade Launcher destroyed. 01425_ S-10 Pest destroyed. 01427_ D-53 Grenadier destroyed. 01427_ Switching to secondary target: D-53 Grenadier. 01428_ The unstable cave ceiling collapses. 01429_ U-05 Engineer builds a Wall. 01431_ U-05 Engineer lays Concrete. 01432_ The unstable cave ceiling collapses. 01432_ U-05 Engineer lays Concrete. 01433_ The unstable cave ceiling collapses. 01433_ U-05 Engineer builds a Wall. 01433_ U-05 Engineer lays Concrete. 01439_ Lgt. Nuclear Core destroyed. 01439_ S-10 Pest destroyed. 01439_ Switching to secondary target: D-53 Grenadier. 01440_ The unstable cave ceiling collapses. Map ----- +----------------------------------------------------+ | ????????????????????????# #?????## ##?# ## | | ????????????????????????# #??????## ### ## | | ????????????????????????## ##?????## ### | | ???????????????????#????## ###??## #?## | | ???????????????????# ?## #### ######?## | | ???????????????????# ## ### ##?? | | ???????????????????# """ ##?# ##? | | ???????????????????# """ #### ## | | ???????????????????##### """ ## # | | ???????????????????????# | | ???????????????????????# | | ???????????????????????## ## | | ????????????????????????## #### ## | | ?????????????????????????# #??##### ####### | | ?????????????????????????# #??????####?????## | | ?????????????????????????## #???????????????## | | ??????????????????????????# #???????????????# | | ??????????????????????????# ##???????????????# | | ??????????????????????????# ##????????????????# | | ??????????????????????????# ##?????????????????## | | ??????????????????????##### ###?????????????????? | | ?????????????????????## # #?????????????????? | | ????????????????????## # # #######????????????? | | ????????????????????# uu #????????????? | | ?????????????????# #d #### #????????????? | | ?????????????????# @ #????????????# #### | | ?????????????????# ##?????????????# % | | ?????????????????#### #??????????????# ### | | ????????????????????## = ##??????????????????# | | ???????????????????? %% #???????????????????# | | ??????????????????? ???????????????????# | | ?????????????????? < #####?????????????????## | | ????????????????? s #?????????????????????# | | ???????????????? #?????????????????????# | | ???????????????# """" ??????????????????????## | | ???????????????# """" ???????????????????????# | | ???????????????# ????" ???????????????????????? | | ????????????????????? ???????????????????????? | | ?????????????????????#####??????????????????????## | | ???????????????????????????????????????????????##" | | ???????????????????????????????????????????????# | | ???????????????????????????????????######??????# # | | ????????????????????????????###????# ##?????# # | | ???????????????????????????## ##???# #?????# # | | ???????????????????????????# #???# #?????# # | | ???????????????????????????# ##?## ####### # | | ???????????????????????????## ### # | | ????????????????????????????## ######### | | ?????????????????????????????# #####???????? | | ?????????????????????????????## ##???????????? | +----------------------------------------------------+ Best States ------------- Heat Dissipation 35 Energy Generation 14 Energy Capacity 250 Matter Stores 300 Matter Capacity 300 Sight Range 16 Terrain Scan Density 10 Evasion (%) 40 Recoil Reduction 2 Item Schematics ----------------- None Robot Schematics ------------------ None Fabricated ------------ Nothing Repaired ---------- Nothing Studied --------- None Alien Tech Used ----------------- None Achievements -------------- None Challenges ------------ None Game ------ Seed ExplosiveZeronetKit Manual? 0 Play Time 00:09:28 Cumulative 170.1 hours Start 2026.08.05 @ 00:51:35 End 2026.08.05 @ 00:58:55 Sessions 1 Manual Loads 0 Difficulty Rogue Special Mode None Game No. 178 Rogue 124 Adventurer 54 Explorer 0 Win Type - Total 7 Types 3/0/1/1/0/0/0/1/0/1 Lore% 65 Gallery% 58 Achievement% 55 Wizard Run 0 Options --------- Layout 1 ASCII 0 Keyboard 0 Movement Mouse Keybinds 1 Fullscreen 2 Font 32/Tamsyn Map View 50x35 Zoom Use 0% Tactical HUD 1 Map Filters NONE Filters NONE Steam 1 RUN: 33b8302a-bbeb-4ecc-8345-10330e195418